 Dungeon Crawl Stone Soup version 0.18-a0-1408-g69e564c (webtiles) character file.

12254 Murumi the Blocker (level 12, -3/95 HPs)
             Began as a Formicid Fighter on Feb 25, 2016.
             Was a Priest of Elyvilon.
             Slain by a stone giant (20 damage)
             ... on level 2 of the Orcish Mines.
             The game lasted 01:07:14 (12344 turns).

Murumi the Blocker (Formicid Fighter)              Turns: 12344, Time: 01:07:14

Health: -3/95      AC: 19    Str: 26    XL:     12   Next: 17%
Magic:  18/19      EV:  9    Int:  8    God:    Elyvilon [***...]
Gold:   548        SH: 13    Dex: 10    Spells: 0 memorised, 11 levels left

rFire  + . .     SeeInvis +     t - +0 triple sword (holy)
rCold  + + .     Gourm    .     a - +1 plate armour {rC+}
rNeg   . . .     Faith    .     c - +1 shield
rPois  .         Spirit   .     (helmet unavailable)
rElec  .         Dismiss  .     k - +0 cloak
rCorr  .         Reflect  .     q - +0 pair of gloves
SustAt .         Harm     .     m - +0 pair of boots
MR     +....                    (no amulet)
Stlth  ..........               C - ring of protection from fire
                                u - ring of protection from cold

@: somewhat resistant to hostile enchantments, extremely unstealthy
A: permanent stasis, dig shafts and tunnels, four strong arms, antennae 3
a: Dig, Shaft Self, Lesser Healing, Heal Other, Purification, Divine Protection,
Renounce Religion


You were on level 2 of the Orcish Mines.
You worshipped Elyvilon.
Elyvilon was most pleased with you.
You were near starving.

You visited 3 branches of the dungeon, and saw 13 of its levels.

You collected 899 gold pieces.
You spent 351 gold pieces at shops.

Inventory:

Hand Weapons
 t - a +0 triple sword of holy wrath (weapon)
Missiles
 j - 37 bolts
 E - 13 silver bolts
Armour
 a - a +1 plate armour of cold resistance (worn)
 c - a +1 shield (worn)
 k - a +0 cloak (worn)
 m - a +0 pair of boots (worn)
 q - a +0 pair of gloves (worn)
Jewellery
 u - a ring of protection from cold (left hand)
 A - a +5 ring of intelligence
 C - a ring of protection from fire (right hand)
Scrolls
 b - a scroll of magic mapping
 n - 2 scrolls of enchant armour
 o - a scroll of enchant weapon
 v - a scroll of remove curse
 x - 5 scrolls of fog
 y - 3 scrolls of recharging
 B - 4 scrolls of fear
Potions
 e - 2 potions of curing
 h - a potion of ambrosia
 r - a potion of brilliance
 s - 4 potions of magic
 w - 2 potions of flight
 z - a potion of agility
 D - a potion of beneficial mutation {unknown}
Comestibles
 f - 12 bread rations
 g - 5 meat rations
 l - 5 royal jellies
 p - 2 beef jerkies


   Skills:
 - Level 9.0 Fighting
 + Level 7.6 Long Blades
 - Level 9.2 Armour
 - Level 6.0 Dodging
 - Level 10.1 Shields
 - Level 10.1 Invocations


You had 11 spell levels left.
You didn't know any spells.

Dungeon Overview and Level Annotations

Branches:
Dungeon (10/15)            Temple (1/1) D:6            Lair (0/8) D:9
    Orc (2/2) D:10
    Elf: Orc:2

Altars:
Ashenzari
Cheibriados
Dithmenos
Elyvilon
Fedhas
Gozag
Kikubaaqudgha
Makhleb
Nemelex Xobeh
Okawaru
Pakellas
Qazlal
Ru
Sif Muna
Trog
Vehumet
Xom
Yredelemnul
Zin
The Shining One

Shops:
D:4 [   D:7 !   D:9 =   Orc:1 }


Innate Abilities, Weirdness & Mutations

You are under a permanent stasis effect.
You can dig through walls and to a lower floor.
Your four strong arms can wield two-handed weapons with a shield.
You have a pair of large antennae on your head (SInv).


Message History

You start resting.
A stone giant comes into view.
You slice the stone giant!!
The stone giant is lightly wounded.
The stone giant hits you!!
Okay, then.
You hit the stone giant.
The stone giant is moderately wounded.
The stone giant hits you but does no damage.
The stone giant hits you!!
* * * LOW HITPOINT WARNING * * *
Okay, then.
You are healed.
You feel somewhat more hungry.
The stone giant hits you but does no damage.
Drink which item? (? for menu, Esc to quit)
You feel better. The stone giant hits you!
* * * LOW HITPOINT WARNING * * *
Drink which item? (? for menu, Esc to quit)
You feel better. The stone giant hits you!!
You die...

...# ##...#.
..#.#..
.......
......#
#.....#
####.....#
#@#(#...#{O.
##C#<...{...
####.......
.......
...o...
.......
.......
.......
#.#.#..


You could see a stone giant.

Vanquished Creatures
  A stone giant (Orc:2)
  An unseen horror (D:9)
  An orc knight (Orc:2)
  A cyclops (D:10)
  An orc sorcerer (Orc:1)
  A komodo dragon (D:9)
  3 two-headed ogres
  6 yaks (D:9)
  A mottled dragon (D:9)
  A hippogriff (D:10)
  2 hungry ghosts
  A water moccasin (D:8)
  3 black bears
  A sky beast (D:9)
  10 orc warriors
  5 phantoms
  A necrophage (D:8)
  7 centaurs
  A crocodile (D:7)
  5 ogres
  6 giant frogs
  A wyvern zombie (D:9)
  4 scorpions
  12 killer bees
  3 spriggan skeletons (D:9)
  9 wights
  3 howler monkeys
  A troll skeleton (D:9)
  8 crimson imps
  A centaur zombie (D:9)
  2 giant frog zombies
  7 hounds
  3 centaur skeletons (D:9)
  9 orc priests
  3 jellies
  18 orc wizards
  2 giant frog skeletons
  9 iguanas
  11 worker ants
  2 hound skeletons
  3 gnolls (D:5)
  A howler monkey skeleton (D:7)
  14 adders
  7 worms
  3 dart slugs
  4 giant geckos
  41 orcs
  2 ball pythons
  5 bats
  9 giant cockroaches
  8 goblins
  10 hobgoblins
  8 jackals
  7 quokkas
  A giant gecko zombie (D:6)
  10 giant newts
  4 kobolds
  7 rats
311 creatures vanquished.

Vanquished Creatures (others)
  An orc (D:5)
1 creature vanquished.

Grand Total: 312 creatures vanquished

Notes
Turn   | Place    | Note
--------------------------------------------------------------
     0 | D:1      | Murumi the Formicid Fighter began the quest for the Orb.
     0 | D:1      | Reached XP level 1. HP: 18/18 MP: 1/1
     2 | D:1      | Noticed a minotaur
     2 | D:1      | Noticed a dwarf
     4 | D:1      | Noticed a tengu
     4 | D:1      | Noticed a vine stalker
     6 | D:1      | Noticed an elf
     6 | D:1      | Noticed an octopode
     8 | D:1      | Noticed a demigod
     8 | D:1      | Noticed a formicid
    10 | D:1      | Noticed a draconian
    10 | D:1      | Noticed a ghoul
    12 | D:1      | Noticed an ogre
    12 | D:1      | Noticed a human
    14 | D:1      | Noticed a gargoyle
    14 | D:1      | Noticed a felid
    16 | D:1      | Noticed a halfling
    18 | D:1      | Noticed a merfolk
    18 | D:1      | Noticed a naga
    20 | D:1      | Noticed a centaur
    20 | D:1      | Noticed a vampire
    22 | D:1      | Noticed a troll
    24 | D:1      | Noticed a demonspawn
    26 | D:1      | Noticed a spriggan
    45 | D:1      | Reached XP level 2. HP: 18/24 MP: 2/2
    55 | D:1      | Reached skill level 1 in Dodging
   173 | D:1      | Reached XP level 3. HP: 26/29 MP: 3/3
   655 | D:2      | Reached XP level 4. HP: 35/35 MP: 4/4
  1407 | D:3      | Found a snail-covered altar of Cheibriados.
  1732 | D:3      | Reached XP level 5. HP: 42/42 MP: 5/5
  1813 | D:3      | Found a faded altar to an unknown god.
  2784 | D:4      | Found a shadowy altar of Dithmenos.
  2801 | D:4      | Noticed an ogre
  2805 | D:4      | Noticed a phantom
  2809 | D:4      | Killed an ogre
  2809 | D:4      | Reached skill level 5 in Shields
  2809 | D:4      | Reached XP level 6. HP: 36/48 MP: 6/6
  2836 | D:4      | Killed a phantom
  3099 | D:4      | Reached XP level 7. HP: 16/54 MP: 7/7
  3415 | D:4      | Got a scintillating iron ring
  3416 | D:4      | Identified the ring "Deephu Jate" {Wiz *Corrode +Blink MR++ Str+4} (You found it on level 4 of the Dungeon)
  3440 | D:4      | Found Eripum's Antique Armour Boutique.
  3517 | D:4      | Found a white marble altar of Elyvilon.
  3534 | D:4      | Became a worshipper of Elyvilon the Healer
  3551 | D:4      | Reached skill level 1 in Invocations
  3867 | D:4      | Found a basalt altar of Yredelemnul.
  3929 | D:5      | Entered Level 5 of the Dungeon
  3994 | D:5      | Found a burning altar of Makhleb.
  4069 | D:5      | Reached * piety under Elyvilon
  4177 | D:5      | Reached XP level 8. HP: 44/60 MP: 11/11
  4213 | D:5      | Reached skill level 5 in Invocations
  4341 | D:5      | Reached skill level 5 in Fighting
  4498 | D:5      | Reached skill level 5 in Armour
  4822 | D:5      | Found a shimmering altar of Xom.
  4878 | D:5      | Found a radiant altar of Vehumet.
  5085 | D:6      | Found a staircase to the Ecumenical Temple.
  5095 | Temple   | Entered the Ecumenical Temple
  5147 | Temple   | Reached ** piety under Elyvilon
  5285 | D:6      | Found an ancient bone altar of Kikubaaqudgha.
  5382 | D:6      | Reached XP level 9. HP: 68/68 MP: 13/13
  5432 | D:6      | Reached skill level 5 in Dodging
  6591 | D:7      | Found Dacziep's Distillery.
  6632 | D:7      | Reached skill level 5 in Long Blades
  6635 | D:7      | Bought a potion of agility for 56 gold pieces
  7027 | D:7      | Reached *** piety under Elyvilon
  7307 | D:7      | Reached XP level 10. HP: 35/76 MP: 15/15
  8228 | D:9      | Found a shattered altar of Ashenzari.
  8545 | D:9      | Noticed a komodo dragon
  8552 | D:9      | Elyvilon protects you from harm!
  8554 | D:9      | Killed a komodo dragon
  8554 | D:9      | Reached XP level 11. HP: 27/86 MP: 14/17
  9117 | D:9      | Found a staircase to the Lair.
  9289 | D:9      | Found Gyaturemn's Jewellery Shoppe.
  9298 | D:9      | Bought a cursed ring of teleportation for 45 gold pieces
  9298 | D:9      | Bought an uncursed ring of protection from fire for 250 gold pieces
  9633 | D:9      | Found an oddly glowing altar of Pakellas.
  9725 | D:9      | Noticed an unseen horror
  9737 | D:9      | Killed an unseen horror
 10051 | D:10     | Entered Level 10 of the Dungeon
 10157 | D:9      | Found an iron altar of Okawaru.
 10194 | D:10     | Reached **** piety under Elyvilon
 10622 | D:10     | Identified a scroll of acquirement
 11122 | D:10     | Noticed a cyclops
 11136 | D:10     | Killed a cyclops
 11348 | D:10     | Found a staircase to the Orcish Mines.
 11490 | Orc:1    | Entered Level 1 of the Orcish Mines
 11886 | Orc:1    | Found Muox's Quality Used Wands.
 11899 | Orc:1    | Noticed an orc sorcerer
 11921 | Orc:1    | Killed an orc sorcerer
 11921 | Orc:1    | Reached skill level 10 in Shields
 12108 | Orc:2    | Entered Level 2 of the Orcish Mines
 12108 | Orc:2    | Noticed a stone giant
 12108 | Orc:2    | Noticed an orc knight
 12221 | Orc:2    | HP: 1/89 [stone giant (26)]
 12226 | Orc:2    | Killed a stone giant
 12226 | Orc:2    | Reached skill level 10 in Invocations
 12226 | Orc:2    | Reached XP level 12. HP: 36/95 MP: 11/19
 12340 | Orc:2    | Noticed a stone giant
 12341 | Orc:2    | HP: 4/95 [stone giant (35)]
 12344 | Orc:2    | Slain by a stone giant

Vault maps used:
D:1:      kb_arrival_jail
D:3:      minmay_door_path, cheibriados_altar_1, ecumenical_altar_2, nrook_uturn
D:4:      nicolae_overflow_crystal_walls, kennysheep_mini_moat, serial_shops,
          nicolae_shop_behind_doors, first_bread,
          nicolae_dithmenos_shadow_blocks
D:5:      xom_teletrap_fun, kennysheep_little_box, minmay_item_behind_shaft,
          bloody_makhleb
D:6:      kiku_gazebo_pond_becter, minmay_temple_entry_junction
D:7:      serial_shops, nicolae_shop_crystal
D:9:      nicolae_overflow_hidden_temple, erik_lair_dragon, serial_shops, shop,
          hangedman_tell_no_tales
D:10:     david_orc_4
Temple:   roderic_octagonal_lattice_temple
Orc:1:    nicolae_for_you_no_charge
Orc:2:    st_orc_town

Skill      XL: |  1  2  3  4  5  6  7  8  9 10 11 |
---------------+----------------------------------+-----
Shields        | 4 5 6 7 9 10 | 10.1
Dodging        | 1 2 3 4 5 6 |  6.0
Long Blades    | 3 4 5 6 7 |  7.6
Fighting       | 4 5 6 7 9 |  9.0
Armour         | 4 5 6 7 9 |  9.2
Invocations    | 4 6 7 9 10 | 10.1

Action                   |  1- 3 |  4- 6 |  7- 9 | 10-12 || total
-------------------------+-------+-------+-------+-------++-------
Melee: Long sword        |   121 |   215 |   636 |    72 ||  1044
       Scimitar          |       |       |       |    56 ||    56
       Great sword       |       |       |       |   258 ||   258
       Triple sword      |       |       |       |   163 ||   163
Invok: Lesser Healing    |       |       |       |    15 ||    15
       Greater Healing   |       |       |       |     4 ||     4
       Heal Other        |       |       |       |     1 ||     1
 Abil: Dig               |       |       |    10 |    12 ||    22
  Use: Scroll            |     3 |    10 |     2 |     9 ||    24
       Potion            |       |       |       |     4 ||     4
  Eat: Chunk             |       |     8 |    15 |    22 ||    45
       Fruit             |       |       |       |     5 ||     5
       Beef jerky        |       |       |       |     2 ||     2
